 Dungeon Crawl Stone Soup version 0.29.1-2-gbd0b4ee654 (webtiles) character file.

Game seed: 10094047359782614407

81 Firos the Changer (level 4, 0/28 HPs)
             Began as an Octopode Transmuter on Nov 8, 2022.
             Frozen to death by an endoplasm (2 damage)
             ... on level 3 of the Dungeon.
             The game lasted 00:04:42 (3408 turns).

Firos the Changer (Octopode Transmuter)             Turns: 3408, Time: 00:04:43

Health: 0/28       AC:  1    Str:  9    XL:     4   Next: 42%
Magic:  3/8        EV: 13    Int: 17    God:
Gold:   132        SH:  5    Dex: 12    Spells: 2/8 levels left

rFire   . . .      SeeInvis .     - Unarmed
rCold   . . .      Faith    .   (no shield)
rNeg    . . .      Spirit   .   (helmet restricted)
rPois   +          Reflect  +   c - amulet of reflection
rElec   .          Harm     .   b - ring of poison resistance
rCorr   .          Rampage  .   (no ring)
Will    .....                   (no ring)
Stlth   +++.......              (no ring)
HPRegen 0.09/turn               (no ring)
MPRegen 0.11/turn               (no ring)
                                (no ring)
                                (no ring)

@: very slightly contaminated
A: almost no armour, amphibious, 8 rings, camouflage 1, gelatinous body 1,
(nimble swimmer 1), tentacles
a: no special abilities


You were on level 3 of the Dungeon.
You visited 2 branches of the dungeon, and saw 6 of its levels.

You collected 132 gold pieces.

Inventory:

Jewellery
 b - a ring of poison resistance (left tentacle)
 c - an amulet of reflection (around mantle)
Wands
 e - a wand of flame (16)
Scrolls
 f - 3 scrolls of identify
 g - a scroll of fear
Potions
 a - a potion of lignification
 d - a potion of brilliance


   Skills:
 - Level 1.0 Fighting
 - Level 2.0 Dodging
 - Level 2.9 Stealth
 - Level 3.0 Unarmed Combat
 + Level 2.7 Spellcasting
 * Level 3.2 Transmutations


You had 2 spell levels left.
You knew the following spells:

 Your Spells              Type           Power      Damage    Failure   Level
a - Beastly Appendage     Tmut           26%        N/A       4%          1
b - Wereblood             Tmut           13%        N/A       7%          2
c - Spider Form           Tmut/Pois      7%         N/A       26%         3

Your spell library contained the following spells:

 Spells                   Type           Power      Damage    Failure   Level
 Magic Dart               Conj           8%         1d3       19%         1
 Summon Small Mammal      Summ           8%         N/A       19%         1
 Searing Ray              Conj           4%         2d4       26%         2
 Call Canine Familiar     Summ           2%         N/A       47%         3
 Summon Guardian Golem    Hex/Summ       2%         N/A       47%         3
 Ice Form                 Ice/Tmut       7%         N/A       65%         4
 Fulminant Prism          Conj/Hex       1%         3d6       87%         4
 Chain Lightning          Conj/Air       1%         3d1       100%        9
 Fire Storm               Conj/Fire      1%         7d1       100%        9
 Shatter                  Erth           1%         3d5*      100%        9


Dungeon Overview and Level Annotations

Branches:
Dungeon (5/15)             Temple (1/1) D:4

Altars:
Ashenzari
Fedhas
Gozag
Hepliaklqana
Nemelex Xobeh
Ru
Uskayaw
Wu Jian
Xom
Zin
The Shining One


Innate Abilities, Weirdness & Mutations

You cannot wear most types of armour.
You are amphibious.
You can wear up to eight rings at the same time.
Your skin changes colour to match your surroundings (Stealth+).
Your rubbery body absorbs attacks. (AC +1, EV +1)
((You are camouflaged when in or above water. (Stealth+)))
You have tentacles for arms and can constrict up to eight enemies at once.


Message History

The endoplasm quivers. 2 gnolls come into view.
The gnoll bouda shouts!
The gnoll shouts!
The gnoll bouda barks out a call to the hunt!
The gnolls pick up the pace!
The ball python hisses angrily.
The gnoll shouts!
Casting: Beastly Appendage (safe; 4% risk of failure)
Confirm with . or Enter, or press ? or * to list all spells.
The spell is quite dangerous to miscast (26% risk of failure)!
Continue anyway?
You miscast Spider Form.
You are very lightly contaminated with residual magic.
Nothing appears to happen.
Your transformation is almost over.
Casting: Spider Form (quite dangerous; 26% risk of failure)
Confirm with . or Enter, or press ? or * to list all spells.
The spell is quite dangerous to miscast (26% risk of failure)!
Continue anyway?
You miscast Spider Form.
Nothing appears to happen.
The endoplasm freezes you.
You are frozen.
You block the gnoll's attack. The endoplasm attacks as you move away!
The endoplasm hits you.
The gnoll hits you from afar with a +0 halberd!
* * * LOW HITPOINT WARNING * * *
There is a stone staircase leading up here.
The endoplasm hits you.
* * * LOW HITPOINT WARNING * * *
The gnoll hits you from afar with a +0 halberd.
* * * LOW HITPOINT WARNING * * *
The gnoll closely misses you.
You climb upwards.
Your tentacle spike disappears.
There is a stone staircase leading down here.
You tentacle-slap the endoplasm. You squeeze the endoplasm.
The endoplasm is almost dead.
The endoplasm misses you.
You barely miss the endoplasm.
The endoplasm is almost dead.
The endoplasm freezes you.
You are frozen.
You die...

#..## #.#.#.###.#
###.#.##########..(......#
#..###..........)#.#.##..#
#.#.#..#####...)....###..#
#####.##.#.# ##...###### #..#
......##.#.####...## #..#
########.#........# #..#
#.######...### #..#
#.......J@...# #..##
########..#####...#.#######...#
..........# #...#...........#
########..# #...##.####.#...#
##.#.## #...##.# #.###.#
#.###.####...##.# #.# #.#
##.#.###........# #.# #.# ##.##
#.#...#..# #.# #.# ### #.#
#.#.#.#..# #.# #.#


You could see an endoplasm.

Vanquished Creatures
  An adder (D:3)
  3 worms (D:2)
  8 orcs
  3 ball pythons
  2 bats (D:1)
  7 endoplasms
  8 goblins
  4 hobgoblins
  4 jackals (D:4)
  A quokka (D:3)
  3 frilled lizards
  5 kobolds
  A rat (D:1)
50 creatures vanquished.

Notes
Turn   | Place    | Note
-------+----------+-------------------------------------------
     0 | D:1      | Firos the Octopode Transmuter began the quest for the Orb.
     0 | D:1      | Reached XP level 1. HP: 13/13 MP: 3/3
   197 | D:1      | Found a faded altar of an unknown god.
   295 | D:1      | Reached XP level 2. HP: 18/18 MP: 5/5
   326 | D:1      | Learned a level 2 spell: Wereblood
   918 | D:1      | Reached skill level 1 in Stealth
  1235 | D:2      | Reached XP level 3. HP: 17/23 MP: 3/6
  1239 | D:2      | Learned a level 3 spell: Spider Form
  1432 | D:2      | HP: 1/23 [worm (11)]
  2644 | D:3      | Reached XP level 4. HP: 28/28 MP: 7/7
  2713 | D:3      | You fall into a shaft and drop 2 floors!
  2713 | D:5      | Entered Level 5 of the Dungeon
  2722 | D:5      | Noticed an ice beast
  2734 | D:4      | Found a staircase to the Ecumenical Temple.
  2767 | Temple   | Entered the Ecumenical Temple
  3355 | D:4      | Found an opulent altar of Gozag.
  3405 | D:4      | HP: 1/28 [gnoll/+0 halberd[a gnoll bouda] (4)]
  3408 | D:3      | Frozen to death by an endoplasm

Illustrated notes

Levels and vault maps discovered:
D:1:      giann_forest_graveyard, layout_loops_corners,
          nicolae_ecumenical_lake_church
D:2:      layout_rooms, kennysheep_crisscross, st_stairs_1
D:3:      layout_loops_ring, lemuel_coloured_pillars_altar
D:4:      layout_basic, okawaru_trees_2, kennysheep_little_box,
          minmay_temple_entry_large_hall
D:5:      layout_loops_ring, mainiacjoe_overflow_alcove_4, uniq_edmund
Temple:   hellmonk_temple_flake

Skill      XL: |  1  2  3 |
---------------+----------+-----
Stealth        | 1 2 |  2.9
Transmutations | 3 |  3.2
Fighting       | |  1.0
Dodging        | |  2.0
Unarmed Combat | |  3.0
Spellcasting   | |  2.7

Action                   |  1- 3 |  4- 6 || total
-------------------------+-------+-------++-------
Melee: Unarmed           |    78 |    37 ||   115
       Constrict         |    21 |       ||    21
       Tentacles         |    24 |     3 ||    27
       Punch             |     5 |       ||     5
       Kick              |     3 |       ||     3
 Cast: Beastly Appendage |     3 |     1 ||     4
       Spider Form       |       |     1 ||     1
  Use: Scroll            |     9 |     1 ||    10
       Potion            |       |     2 ||     2
 Stab: Sleeping          |    15 |     1 ||    16
Armor: Skin              |     4 |    58 ||    62
Dodge: Dodged            |    37 |    25 ||    62
Block: Other             |       |    24 ||    24
